 Dungeon Crawl Stone Soup version 0.27.0-1-g7a089689b8 (webtiles) character file.

Game seed: 873456079879130799

163 Spaninq the Twirler (level 5, -3/42 HPs)
             Began as a Formicid Gladiator on Aug 12, 2021.
             Was a Follower of Nemelex Xobeh.
             Engulfed by a cloud of flame (22 damage)
             ... on level 2 of the Dungeon.
             The game lasted 00:04:35 (2922 turns).

Spaninq the Twirler (Formicid Gladiator)            Turns: 2922, Time: 00:04:36

Health: -3/42      AC:  3    Str: 20    XL:     5   Next: 73%
Magic:  6/6        EV: 12    Int:  7    God:    Nemelex Xobeh [*.....]
Gold:   41         SH:  0    Dex: 12    Spells: 4/4 levels left

rFire    . . .     SeeInvis +   a - +1 quarterstaff
rCold    . . .     Faith    .   (no shield)
rNeg     . . .     Spirit   .   b - +0 leather armour
rPois    .         Reflect  .   (helmet unavailable)
rElec    .         Harm     .   (no cloak)
rCorr    +         Rampage  .   (no gloves)
Will     .....                  (no boots)
Stlth    +.........             m - amulet of regeneration
HPRegen  1.14/turn              h - ring of resist corrosion
MPRegen  0.10/turn              (no ring)

@: no status effects
A: permanent stasis, dig shafts and tunnels, antennae 3, four strong arms
a: Dig, Shaft Self, Renounce Religion, Draw Escape, Draw Destruction, Draw
Summoning


You were on level 2 of the Dungeon.
You worshipped Nemelex Xobeh.
Nemelex Xobeh was aware of your devotion.
You visited 1 branch of the dungeon, and saw 3 of its levels.

You collected 41 gold pieces.

Inventory:

Hand Weapons
 a - a +1 quarterstaff (weapon)
Missiles
 c - 3 throwing nets (quivered)
Armour
 b - a +0 leather armour (worn)
Jewellery
 h - a ring of resist corrosion (left hand)
 m - an amulet of regeneration (around neck)
Scrolls
 j - a scroll of fear {unknown}
 l - a scroll of noise {unknown}
Potions
 f - a potion of ambrosia {unknown}
 g - a potion of brilliance {unknown}
 k - a potion of degeneration {unknown}


   Skills:
 + Level 3.7 Fighting
 * Level 5.0 Staves
 - Level 2.0 Throwing
 - Level 2.6 Dodging
 + Level 1.5 Invocations


You had 4 spell levels left.
You didn't know any spells.
Your spell library was empty.

Dungeon Overview and Level Annotations

Branches:
Dungeon (3/15)

Altars:
Nemelex Xobeh


Innate Abilities, Weirdness & Mutations

You cannot be hasted, slowed, berserked, paralysed or teleported.
You can dig through walls and to a lower floor.
You have a pair of large antennae on your head. (SInv)
Your four strong arms can wield two-handed weapons with a shield.


Message History

A jackal and an orc come into view.
The jackal barks!
The orc shouts!
You hear a shout! x2; You hear a bark!
Found a stone staircase leading down.
There is a stone staircase leading up here.
As you read the scroll labelled ZEIQUO LU KEFA, it crumbles to dust.
Your stasis prevents you from teleporting.
It was a scroll of blinking.
As you read the scroll labelled BEUCKE NAUNASU, it crumbles to dust.
It is a scroll of enchant weapon.
Your +0 quarterstaff glows red for a moment.
A jackal comes into view.
As you read the scroll labelled LAJEFU ZAUH, it crumbles to dust.
The creatures around you are filled with an inner flame!
It was a scroll of immolation.
An orc comes into view. It is wielding a +0 hand axe.
You barely miss the orc.
A goblin comes into view. It is wielding a +0 dagger.
An ogre comes into view. It is wielding a +0 giant club.
The orc hits you with a +0 whip.
You barely miss the orc.
The ogre shouts!
You hear a bark!
A jackal comes into view.
The orc barely misses you. The jackal barely misses you.
The jackal closely misses you. The orc closely misses you.
You climb upwards.
There is a stone staircase leading down here.
The orc closely misses you. The jackal closely misses you.
The orc hits you with a +0 whip. The jackal misses you.
The jackal barely misses you. The jackal closely misses you.
You thump the jackal!
The jackal explodes!
The fiery explosion engulfs the orc!!
The fiery explosion engulfs you!!
Ouch! That really hurt!
The orc explodes!
You are engulfed in blazing flames.
Ouch! That really hurt!
You die...
Your body disappears without a glow.

.....##.######.......# #.#..'.+.[
#..####.# #..###### #.#..#.#..
#..# #.# #..# #.####.##' #..#
#.######..# #......... #..#
#.........###### #.####.##' .>.#
#.######.###...###.#..'.'.. #.##
#.######.##.....##.#).#.#..
#.#####.##...§§#§......#.#'##.###
........^....§§§@......#.........
........##.#####.......#.#'##.###
.###.......# ##.....##.#..+.'..
.# #.##.##># #......#.#..#.#.. .#
#.##.##.######.#.####.####.### .#
#.##........##.#.##........... .#
#.#####.###.##.#.##.########## .#
#.#####.###.##.#.##....#####.# .#
#...................._......##


There were no monsters in sight!

Vanquished Creatures
  A scorpion (D:2)
  2 gnolls (D:1)
  3 adders (D:2)
  A worm (D:2)
  A dart slug (D:2)
  An orc (D:2)
  4 bats (D:1)
  4 endoplasms
  2 giant cockroaches
  7 goblins
  5 hobgoblins
  5 jackals (D:2)
  A quokka (D:1)
  8 ball pythons
  3 frilled lizards
  5 kobolds
  3 rats
56 creatures vanquished.

Notes
Turn   | Place    | Note
-------+----------+-------------------------------------------
     0 | D:1      | Spaninq the Formicid Gladiator began the quest for the Orb.
     0 | D:1      | Reached XP level 1. HP: 16/16 MP: 1/1
   147 | D:1      | Reached XP level 2. HP: 23/23 MP: 2/2
   610 | D:1      | Reached XP level 3. HP: 28/28 MP: 3/3
   900 | D:1      | Reached skill level 4 in Staves
  1235 | D:1      | Reached XP level 4. HP: 22/35 MP: 4/4
  1593 | D:2      | Found a faded altar of an unknown god.
  1606 | D:2      | Became a worshipper of Nemelex Xobeh the Trickster
  1606 | D:2      | Reached * piety under Nemelex Xobeh
  1606 | D:2      | Received a gift from Nemelex Xobeh
  2053 | D:2      | Noticed Sigmund
  2062 | D:2      | Noticed Sigmund
  2062 | D:2      | Sigmund changed into Sigmund the scorpion
  2063 | D:2      | Killed Sigmund the scorpion
  2064 | D:2      | Reached skill level 1 in Invocations
  2064 | D:2      | Reached XP level 5. HP: 15/41 MP: 5/5
  2715 | D:2      | Reached skill level 5 in Staves
  2906 | D:3      | Received a gift from Nemelex Xobeh
  2910 | D:3      | Noticed an ogre
  2922 | D:2      | Engulfed by a cloud of flame

Illustrated notes

Levels and vault maps discovered:
D:1:      dpeg_arrival_rhombus, layout_basic, chequers_arboretum
D:2:      minmay_door_path, layout_loops_ring,
          ebering_ecumenical_altar_abandoned, uniq_sigmund
D:3:      layout_rooms

Skill      XL: |  1  2  3  4  5 |
---------------+----------------+-----
Staves         | 4 5 |  5.0
Fighting       | 3 |  3.7
Invocations    | 1 |  1.5
Throwing       | |  2.0
Dodging        | |  2.6

Action                   |  1- 3 |  4- 6 || total
-------------------------+-------+-------++-------
Melee: Quarterstaff      |    80 |    82 ||   162
Invok: Draw Destruction  |       |     2 ||     2
  Use: Scroll            |       |     3 ||     3
Armor: Leather armour    |    28 |    13 ||    41
Dodge: Dodged            |    74 |    72 ||   146
